 Dungeon Crawl Stone Soup version 0.19.1-1-g22dce08 (webtiles) character file.

91 Peloso the Skirmisher (level 4, -4/38 HPs)
             Began as a Ghoul Fighter on Jan 4, 2017.
             Slain by a hound (5 damage)
             ... on level 3 of the Dungeon.
             The game lasted 00:03:37 (1690 turns).

Peloso the Skirmisher (Ghoul Fighter)               Turns: 1690, Time: 00:03:38

Health: -4/38      AC:  6    Str: 24    XL:     4   Next: 57%
Magic:  3/3        EV:  7    Int:  3    God:
Gold:   49         SH:  9    Dex:  9    Spells: 0 memorised, 3 levels left

rFire  . . .     SeeInvis .     a - +0 long sword
rCold  + . .     Gourm    .     b - +0 scale mail
rNeg   + + +     Faith    .     c - +0 shield
rPois  ∞         Spirit   .     (no helmet)
rElec  .         Reflect  .     (no cloak)
rCorr  .         Harm     .     (no gloves)
MR     .....                    (no boots)
Stlth  ..........               (no amulet)
                                (no ring)
                                (no ring)

@: mighty, rotting
A: rotting body, claws 1, carnivore 3, cold resistance 1, negative energy
resistance 3, slow regeneration 1, torment resistance, unbreathing
a: no special abilities


You were on level 3 of the Dungeon.
You were not hungry.

You visited 1 branch of the dungeon, and saw 3 of its levels.

You collected 49 gold pieces.

Inventory:

Hand Weapons
 a - a +0 long sword (weapon)
Armour
 b - a +0 scale mail (worn)
 c - a +0 shield (worn)
Scrolls
 e - 4 scrolls of identify {unknown}
 g - a scroll of magic mapping {unknown}
 k - a scroll of amnesia {unknown}
Potions
 d - a potion of might
 h - a potion of degeneration {unknown}
 i - a potion of curing {unknown}
 j - a potion of flight {unknown}
 l - a potion of mutation {unknown}
Comestibles
 f - a meat ration
 m - a beef jerky


   Skills:
 + Level 3.4 Fighting
 + Level 3.0 Long Blades
 + Level 3.1 Armour
 + Level 0.5 Dodging
 + Level 0.2 Stealth
 + Level 3.3 Shields


You had 3 spell levels left.
You didn't know any spells.

Dungeon Overview and Level Annotations

Branches:
Dungeon (3/15)

Altars:
Nemelex Xobeh


Innate Abilities, Weirdness & Mutations

Your body is rotting away.
You thrive on raw meat.
You are immune to poison.
You have sharp fingernails.
You are carnivorous and can eat meat at any time.
Your flesh is cold resistant. (rC+)
You are immune to negative energy. (rN+++)
You regenerate slowly when monsters are visible.
You are immune to unholy pain and torment.
You can survive without breathing.


Message History

The hound closely misses you.
You riposte.
You slash the hound!
The hound is severely wounded.
There is an open door here.
The hound bites you but does no damage. The hound bites you.
* * * LOW HITPOINT WARNING * * *
The hound pauses to sniff the ground.
The hound barely misses you.
You feel very mighty all of a sudden. You block the hound's attack.
You barely miss the hound.
The hound is severely wounded.
You block the hound's attack. The hound bites you.
* * * LOW HITPOINT WARNING * * *
You barely miss the hound.
The hound is severely wounded.
The hound barely misses you.
You riposte.
You closely miss the hound.
The hound is severely wounded.
You block the hound's attack. The hound bites you.
You die...

#.........#
#..##########.#######
#.######### ##.#
#.##..... #.# #.##
#.##'#### #.#
#####..## #......# #.#
.........# ####......#
..# .........+
...........## ###
.........#
#####........
.........# #.#..)...
####+###@# #.#......
#.###h## #.#......
#....g.# #.#......
#....#.## #......
#....#.[# #......
#....##'######.#......
#....#................
#+####..........######
... +............


You could see a hound and a hobgoblin.

Vanquished Creatures
  A centaur skeleton (D:3)
  3 oozes
  A worm (D:3)
  A leopard gecko (D:1)
  A giant cockroach (D:3)
  5 goblins
  6 hobgoblins
  2 jackals (D:1)
  5 kobolds
  A quokka (D:2)
  2 ball pythons
  12 bats
  A frilled lizard (D:2)
  4 rats
45 creatures vanquished.

Notes
Turn   | Place    | Note
-------+----------+-------------------------------------------
     0 | D:1      | Peloso the Ghoul Fighter began the quest for the Orb.
     0 | D:1      | Reached XP level 1. HP: 19/19 MP: 0/0
    87 | D:1      | Reached XP level 2. HP: 20/26 MP: 1/1
   299 | D:1      | Reached XP level 3. HP: 26/31 MP: 2/2
  1165 | D:2      | Found a sparkling altar of Nemelex Xobeh.
  1541 | D:3      | Reached XP level 4. HP: 19/38 MP: 3/3
  1685 | D:3      | HP: 1/38 [hound (5)]
  1690 | D:3      | Slain by a hound

Skill      XL: |  1  2  3  4 |
---------------+-------------+-----
Long Blades    | 2 3 |  3.0
Shields        | 3 |  3.3
Armour         | 3 |  3.1
Fighting       | |  3.4
Dodging        | |  0.5
Stealth        | |  0.2

Action                   |  1- 3 |  4- 6 || total
-------------------------+-------+-------++-------
Melee: Long sword        |   137 |    25 ||   162
  Use: Potion            |       |     1 ||     1
  Eat: Chunk             |     7 |       ||     7
Armor: Scale mail        |    62 |    17 ||    79
Dodge: Dodged            |    52 |    13 ||    65
Block: Shield            |    72 |    19 ||    91
       Rpst.: Long sword |    13 |     6 ||    19
